Map: Ever Dream LE

Players

soul

  • Race: Terran Terran
  • League: Master
  • Spawn Location: 1:00

MaxPax - Winner!

  • Race: Protoss Protoss
  • League: Master
  • Spawn Location: 7:00

VOD

Have the link to the VOD?

Description

Time

  • Played on: July 7, 2020, 12:05 p.m.
  • Length: 3:20
Show
View Real Time Build Order
Export as new Build Order

soul Terran 

Build Orders: Reaper Expand 

Get SALT Encoding   

  12  0:00  SCV  
  13  0:12  SCV  
  14  0:17  Supply Depot  
  14  0:25  SCV  
  15  0:39  SCV  
  15  0:41  Barracks  
  16  0:44  Refinery  
  16  0:51  SCV  
  17  1:03  SCV  
  18  1:15  SCV  
  19  1:34  Reaper, Orbital Command  
  20  1:44  Command Center  
  20  1:49  Supply Depot  
  20  2:00  SCV  
  21  2:06  Marine  
  22  2:10  Factory  
  22  2:12  SCV  
  23  2:19  Refinery  
  23  2:24  SCV  
  23  2:25  Barracks Reactor  
  24  2:37  SCV  
  23  2:40  Bunker  
  23  2:41  Marine  
  24  2:49  SCV  
  22  2:57  Hellion  
  18  2:59  Marine  
  18  3:01  SCV  
  16  3:15  Supply Depot  
Show
View Real Time Build Order
Export as new Build Order

MaxPax Protoss - Winner!

Build Orders:  

Get SALT Encoding   

  12  0:00  Probe  
  13  0:12  Probe  
  14  0:18  Pylon  
  14  0:25  Probe  
  15  0:33  Pylon  
  15  0:37  Probe  
  16  0:49  Probe  
  17  0:51  Gateway  
  17  1:00  Assimilator  
  17  1:01  Probe  
  18  1:13  Probe  
  19  1:25  Probe  
  20  1:30  Zealot  
  20  1:38  Cybernetics Core  
  22  1:49  Zealot  
  22  1:51  Nexus  
  22  2:00  Probe  
  25  2:06  Stalker, Assimilator  
  25  2:12  Probe  
  27  2:24  Shield Battery  
  27  2:30  Probe  
  28  2:38  Stalker  
  30  2:51  Probe  
  31  3:05  Probe  
  28  3:06  Probe  
Tags
 
Add a new tag
Caveats
  • Supply blocks, unpowered buildings, or Contaminate may cause inaccurate times.
  • Supply counts are checked every 10 seconds.